Map: Frozen Temple

Players

Cell

  • Race: Zerg Zerg
  • League: Master

NORTHAMERICA - Winner!

  • Race: Protoss Protoss
  • League: Master

VOD

Have the link to the VOD?

Description

Time

  • Played on: Oct. 26, 2016, 2:09 a.m.
  • Length: 16:26
Show
View Real Time Build Order
Export as new Build Order

Cell Zerg 

Build Orders: Hatch First, Ravager All-In 

Get SALT Encoding   

  12  0:01  Drone  
  13  0:13  Overlord  
  13  0:18  Drone  
  14  0:32  Drone x2  
  16  0:49  Unknown, Hatchery  
  15  0:53  Drone  
  15  0:56  Drone  
  17  0:59  Drone  
  18  1:07  Extractor  
  17  1:15  Spawning Pool  
  16  1:19  Drone  
  16  1:23  Drone  
  18  1:41  Drone x2  
  20  1:51  Extractor  
  20  2:04  Queen  
  20  2:05  Overlord, Roach Warren  
  21  2:11  Overlord  
  21  2:19  Drone  
  22  2:26  Zergling x2  
  23  2:40  Queen  
  25  2:55  Roach x3  
  31  3:15  Roach x3  
  31  3:16  Overlord  
  31  3:17  Lair  
  37  3:27  Overlord  
  37  3:46  Unknown, Hatchery  
  35  3:54  Drone x2  
  37  4:01  Ravager x2  
  37  4:02  Ravager x2  
  41  4:03  Ravager  
  42  4:11  Overlord  
  42  4:17  Ravager  
  42  4:19  Drone  
  44  4:32  Drone  
  44  4:33  Drone x3  
  44  4:34  Drone  
  49  4:43  Metabolic Boost  
  49  4:47  Drone  
  50  4:53  Overlord  
  50  4:54  Drone  
  50  4:57  Unknown  
  51  5:03  Drone x3  
  54  5:09  Drone x2  
  50  5:25  Glial Reconstitution  
  50  5:27  Overlord  
  50  5:29  Drone x2  
  50  5:31  Drone  
  53  5:35  Overseer  
  53  5:40  Drone x2  
  53  5:41  Drone x2  
  57  5:43  Extractor  
  56  6:02  Unknown, Hatchery, Zergling x4  
  56  6:03  Zergling x6  
  60  6:07  Overlord  
  62  6:11  Roach x2  
  62  6:14  Overlord  
  64  6:19  Queen  
  66  6:32  Roach x4  
  74  6:33  Overseer  
  74  6:36  Ravager x2  
  76  6:42  Roach x3  
  82  6:50  Roach x3  
  82  6:53  Overlord  
  87  7:01  Overlord  
  87  7:02  Ravager  
  87  7:03  Ravager x3  
  91  7:13  Drone  
  91  7:14  Unknown, Drone x6  
  97  7:17  Overlord  
  97  7:23  Drone x4  
  97  7:26  Drone  
  101  7:30  Overseer  
  101  7:39  Roach  
  101  7:40  Roach x4  
  111  7:48  Overlord x2  
  111  7:49  Overlord  
  111  7:53  Evolution Chamber  
  110  8:04  Zergling x6  
  113  8:08  Zergling x2  
  113  8:09  Zergling x10  
  119  8:13  Zergling x2  
  119  8:16  Zergling x2  
  120  8:20  Zergling x8  
  120  8:22  Queen  
  120  8:25  Ravager x3  
  120  8:26  Ravager, Overlord  
  130  8:29  Zergling x2  
  130  8:32  Ravager  
  130  8:33  Ravager x2  
  134  8:35  Zergling x4  
  134  8:40  Zergling x2  
  136  8:45  Zergling x10  
  138  8:52  Zergling x6  
  140  8:56  Extractor, Spire  
  140  8:57  Extractor, Zergling x2  
  140  8:58  Zergling x2  
  139  9:07  Zergling x6  
  142  9:10  Zergling x2  
  142  9:20  Zergling x2  
  142  9:21  Zergling x8  
  143  9:26  Roach  
  108  9:41  Zergling x10  
  108  9:42  Zergling x4  
  94  9:49  Roach x6  
  100  9:52  Zerg Melee Weapons Level 1  
  100  9:54  Roach x2  
  95  10:00  Zergling x2  
  95  10:06  Unknown, Hatchery  
  94  10:23  Mutalisk x5  
  94  10:25  Zergling x2  
  94  10:26  Zergling x14  
  96  10:55  Zergling x2  
  96  10:56  Zergling x2  
  102  11:01  Zergling x2  
  91  11:13  Ravager  
  91  11:14  Ravager x2  
  91  11:18  Unknown  
  77  11:21  Zergling x4  
  74  11:33  Zergling x4  
  75  11:50  Unknown, Hatchery  
  74  11:58  Zergling x4  
  75  12:03  Drone  
  75  12:04  Roach  
  80  12:20  Zergling x2  
  81  12:29  Roach  
  66  13:02  Unknown  
  66  13:05  Unknown, Hatchery  
  64  13:54  Zergling x6  
  64  14:16  Unknown  
  50  14:36  Drone x2  
  52  14:39  Lair  
  52  14:53  Spore Crawler  
  51  15:39  Overseer x3  
Show
View Real Time Build Order
Export as new Build Order

NORTHAMERICA Protoss - Winner!

Build Orders: Cannon Rush 

Get SALT Encoding   

  12  0:01  Probe (Chrono Boost)  
  13  0:11  Probe (Chrono Boost)  
  14  0:19  Pylon  
  14  0:22  Probe (Chrono Boost)  
  15  0:37  Forge  
  15  0:39  Probe (Chrono Boost)  
  16  0:50  Probe (Chrono Boost)  
  17  1:00  Probe (Chrono Boost)  
  19  1:11  Probe (Chrono Boost)  
  19  1:22  Pylon  
  19  1:24  Pylon  
  19  1:25  Pylon  
  19  1:26  Pylon  
  19  1:41  Photon Cannon  
  19  1:42  Photon Cannon  
  19  1:48  Photon Cannon  
  19  2:07  Gateway  
  19  2:10  Probe (Chrono Boost)  
  19  2:13  Assimilator  
  20  2:15  Pylon  
  20  2:17  Assimilator  
  20  2:20  Probe (Chrono Boost)  
  21  2:31  Probe (Chrono Boost)  
  22  2:41  Probe (Chrono Boost)  
  23  2:52  Probe (Chrono Boost)  
  23  2:56  Cybernetics Core  
  23  2:58  Nexus, Unknown  
  23  3:02  Probe (Chrono Boost)  
  23  3:05  Zealot  
  26  3:13  Probe (Chrono Boost)  
  27  3:23  Probe (Chrono Boost)  
  27  3:24  Pylon  
  30  3:34  Mothership Core (Chrono Boost)  
  30  3:40  Stalker  
  32  3:45  Robotics Facility  
  32  4:01  Probe (Chrono Boost)  
  33  4:05  Gateway  
  33  4:08  Warp Gate  
  33  4:09  Unknown  
  33  4:10  Gateway  
  33  4:13  Sentry  
  35  4:19  Probe (Chrono Boost)  
  35  4:20  Probe (Chrono Boost)  
  37  4:30  Probe (Chrono Boost)  
  38  4:36  Immortal  
  42  4:46  Gateway  
  42  4:48  Pylon  
  42  4:50  Probe (Chrono Boost)  
  43  5:04  Probe (Chrono Boost), Stalker  
  43  5:10  Pylon  
  43  5:18  Stalker  
  43  5:19  Pylon  
  41  5:21  Pylon  
  41  5:26  Probe (Chrono Boost)  
  42  5:29  Probe (Chrono Boost)  
  42  5:37  Probe (Chrono Boost)  
  42  5:41  Probe (Chrono Boost)  
  44  5:45  Immortal  
  44  5:47  Probe (Chrono Boost), Pylon  
  49  5:52  Probe (Chrono Boost)  
  50  5:58  Probe (Chrono Boost)  
  50  6:02  Probe (Chrono Boost)  
  52  6:09  Probe (Chrono Boost)  
  52  6:10  Robotics Bay  
  53  6:13  Probe (Chrono Boost)  
  53  6:14  Sentry  
  56  6:21  Probe (Chrono Boost), Assimilator, Observer  
  56  6:23  Probe (Chrono Boost), Assimilator, Pylon  
  56  6:25  Protoss Ground Weapons Level 1  
  59  6:32  Pylon  
  60  6:33  Probe (Chrono Boost)  
  60  6:34  Probe (Chrono Boost)  
  61  6:44  Probe (Chrono Boost)  
  61  6:45  Probe (Chrono Boost), Pylon  
  63  6:50  Adept x2, Zealot  
  69  6:55  Probe (Chrono Boost)  
  69  6:56  Twilight Council  
  69  6:57  Probe (Chrono Boost), Disruptor  
  71  7:05  Probe (Chrono Boost)  
  75  7:10  Gateway  
  73  7:23  Blink  
  73  7:30  Stalker x2  
  73  7:33  Nexus, Unknown  
  73  7:34  Disruptor  
  77  7:42  Unknown, Pylon  
  79  7:50  Pylon  
  79  7:55  Probe (Chrono Boost)  
  79  7:57  Stalker x2  
  79  7:58  Stalker  
  86  8:02  Probe (Chrono Boost)  
  87  8:05  Disruptor  
  90  8:15  Probe (Chrono Boost)  
  90  8:18  Stalker x2  
  96  8:27  Probe (Chrono Boost)  
  96  8:28  Assimilator  
  96  8:29  Assimilator  
  96  8:30  Adept  
  98  8:35  Stalker  
  98  8:39  Observer  
  100  8:44  Unknown  
  101  8:52  Adept  
  101  8:53  Adept x3  
  110  8:57  Probe (Chrono Boost), Disruptor  
  110  9:01  Photon Cannon  
  114  9:10  Probe (Chrono Boost)  
  114  9:21  Stalker  
  114  9:35  Stalker  
  111  9:39  Disruptor  
  111  9:40  Stalker x2  
  111  9:41  Stalker  
  106  10:00  Stalker x2  
  106  10:06  Probe (Chrono Boost)  
  111  10:10  Stalker x3  
  111  10:12  Nexus, Unknown  
  117  10:14  Pylon  
  115  10:24  Adept  
  115  10:27  Disruptor  
  117  10:28  Pylon  
  117  10:30  Pylon  
  119  10:43  Adept x3  
  119  10:44  Adept  
  119  10:49  Adept  
  122  11:15  Photon Cannon  
  122  11:19  Photon Cannon  
  122  11:20  Photon Cannon  
  122  11:22  Photon Cannon  
  122  11:23  Disruptor  
  111  11:27  Dark Shrine  
  79  11:43  Unknown  
  79  11:44  Unknown x3  
  79  11:54  Disruptor  
  79  11:57  Nexus, Unknown  
  79  11:58  Pylon  
  78  12:03  Pylon  
  78  12:04  Pylon  
  78  12:05  Pylon  
  78  12:15  Unknown x4  
  76  12:20  Adept  
  75  12:42  Dark Templar x2  
  76  13:02  Dark Templar  
  76  13:03  Probe (Chrono Boost)  
  79  13:08  Unknown  
  71  14:24  Dark Templar  
  70  14:28  Stalker x2  
  70  14:30  Unknown x2  
  74  14:41  Probe (Chrono Boost)  
  75  14:51  Probe (Chrono Boost)  
Tags
 
Add a new tag
Caveats
  • Supply blocks, unpowered buildings, or Contaminate may cause inaccurate times.
  • Supply counts are checked every 10 seconds.